 Dungeon Crawl Stone Soup version 0.27-a0-1290-g15d3ce7508 (webtiles) character file.

Game seed: 16702788093973373890

285 27snakeeyes612 the Shield-Bearer (level 6, 0/32 HPs)
             Began as a Vine Stalker Fighter on June 15, 2021.
             Succumbed to a scorpion's poison
             ... on level 4 of the Dungeon.
             The game lasted 00:01:38 (2712 turns).

27snakeeyes612 the Shield-Bearer (VSFi)             Turns: 2712, Time: 00:01:39

Health: 0/32       AC:  8    Str: 20    XL:     6   Next: 29%
Magic:  0/7        EV:  8    Int:  8    God:
Gold:   89         SH:  9    Dex: 14    Spells: 5/5 levels left

rFire    . . .     SeeInvis .   a - +0 flail
rCold    . . .     Faith    .   c - +0 kite shield
rNeg     . . .     Spirit   +   b - +0 scale mail
rPois    .         Reflect  .   (no helmet)
rElec    .         Harm     .   (no cloak)
rCorr    .         Rampage  .   (no gloves)
Will     .....                  l - +0 pair of boots
Stlth    ..........             (no amulet)
HPRegen  1.10/turn              (no ring)
MPRegen  0.10/turn              (no ring)

@: lethally poisoned (0 -> -3)
A: fangs 2, regeneration 1, magic shield, antimagic bite, no potion heal 2
a: no special abilities


You were on level 4 of the Dungeon.
You visited 1 branch of the dungeon, and saw 4 of its levels.

You collected 89 gold pieces.

Inventory:

Hand Weapons
 a - a +0 flail (weapon)
Armour
 b - a +0 scale mail (worn)
 c - a +0 kite shield (worn)
 l - a +0 pair of boots (worn)
Scrolls
 h - a scroll of teleportation {unknown}
 j - a scroll of torment {unknown}
 n - a scroll of vulnerability {unknown}
Potions
 d - 2 potions of might
 e - 2 potions of curing {unknown}
 f - a potion of mutation {unknown}
 i - a potion of degeneration {unknown}
 k - a potion of attraction {unknown}
 m - a potion of haste {unknown}
 o - a potion of berserk rage {unknown}


   Skills:
 + Level 3.3 Fighting
 + Level 3.4 Maces & Flails
 + Level 3.5 Armour
 + Level 1.2 Dodging
 + Level 3.7 Shields


You had 5 spell levels left.
You didn't know any spells.
Your spell library was empty.

Dungeon Overview and Level Annotations

Branches:
Dungeon (4/15)
 Temple: D:4-7

Altars:


Innate Abilities, Weirdness & Mutations

You have extremely sharp teeth.
Your natural rate of healing is unusually fast.
When hurt, damage is shared between your health and your magic reserves.
Your bite disrupts and absorbs the magic of your enemies.
Potions cannot restore your health.


Message History

No target in view!
No target in view!
No target in view!
No target in view!
No target in view!
You see here a dart slug corpse.
You open the door.
There is an open door here.
o - a brown potion A kobold comes into view.
It is wielding a +0 club.
The kobold shouts!
A kobold is nearby!
An ogre comes into view. It is wielding a +0 giant club.
The ogre shouts!
You block the kobold's attack.
You hit the kobold.
You kill the kobold!
The ogre hits you with a +0 giant club!!
Ouch! That really hurt!
Things that are here:
a +0 club; a kobold corpse You are too injured to fight recklessly!
A scorpion comes into view.
The scorpion stings you.
You are poisoned.
The scorpion poisons you!
You feel very sick.
You feel very sick. The scorpion closely misses you.
You feel sick. The scorpion stings you.
You are more poisoned.
The scorpion poisons you!
As you read the scroll labelled SAPHAUSOCA, it crumbles to dust.
The scroll dissolves into smoke.
It was a scroll of fog.
You feel very sick. You block the ogre's attack. The scorpion stings you.
You feel very sick.
You feel sick. The ogre hits you with a +0 giant club!
* * * LOW HITPOINT WARNING * * *
You die...

###....'............#
.......#............#. ...
.......#............#.. ...
.......#.....§§§§§..#... ....
.##....#.....§§§§§..#... ...
.##...##.....§§§§§..##.. ..#
.##...###+##.§§Os#####..####..###
...........+.§§..# #...........
...........#....@# #....<......
#####+######.....#. ###..##..###
.................#..####..##..#
.................#............#
.................#............#
.................##..###..#####
.........#'##.....######..###
###......#..'.....#...#.....#
#......#..#.....#...#.....#


You could see an ogre and a scorpion.

Vanquished Creatures
  A phantom (D:4)
  Jessica (D:2)
  Natasha (thrice) (D:3)
  4 adders
  A worm (D:2)
  3 dart slugs
  4 orcs (D:3)
  4 bats
  3 endoplasms (D:1)
  4 giant cockroaches
  8 hobgoblins
  5 kobolds
  2 quokkas
  7 ball pythons
  2 frilled lizards
  5 goblins
  5 rats
62 creatures vanquished.

Notes
Turn   | Place    | Note
-------+----------+-------------------------------------------
     0 | D:1      | 27snakeeyes612 the Vine Stalker Fighter began the quest for
                  | the Orb.
     0 | D:1      | Reached XP level 1. HP: 11/11 MP: 2/2
   387 | D:1      | Reached XP level 2. HP: 14/16 MP: 1/3
  1286 | D:2      | Noticed Jessica
  1297 | D:1      | Reached XP level 3. HP: 19/19 MP: 4/4
  1303 | D:2      | Killed Jessica
  1310 | D:2      | Gained mutation: Your natural rate of healing is unusually
                  | fast. [Vine Stalker growth]
  1310 | D:2      | Reached XP level 4. HP: 16/24 MP: 5/5
  1580 | D:2      | Found a faded altar of an unknown god.
  1947 | D:3      | Noticed Natasha
  1952 | D:3      | Reached XP level 5. HP: 28/28 MP: 6/6
  1960 | D:3      | Killed Natasha
  2045 | D:3      | Noticed Natasha
  2051 | D:3      | Killed Natasha
  2052 | D:3      | Reached skill level 1 in Dodging
  2498 | D:3      | Noticed Natasha
  2505 | D:3      | Killed Natasha
  2531 | D:4      | Noticed a phantom
  2548 | D:4      | Killed a phantom
  2549 | D:4      | Reached XP level 6. HP: 32/32 MP: 5/7
  2711 | D:4      | HP: 1/32 [ogre (7)]
  2712 | D:4      | Succumbed to a scorpion's poison

Illustrated notes

Levels and vault maps discovered:
D:1:      dpeg_arrival_rooms_with_view, layout_basic
D:2:      layout_rooms, basic_ecumenical_altar, minmay_surrounded, uniq_jessica
D:3:      layout_loops_ring, uniq_natasha
D:4:      layout_gridville, uniq_blork_the_orc

Skill      XL: |  1  2  3  4  5 |
---------------+----------------+-----
Shields        | 3 |  3.7
Maces & Flails | 2 3 |  3.4
Fighting       | 3 |  3.3
Armour         | 3 |  3.5
Dodging        | 1 |  1.2

Action                   |  1- 3 |  4- 6 || total
-------------------------+-------+-------++-------
Melee: Flail             |    54 |   110 ||   164
       Bite              |    10 |    34 ||    44
  Use: Scroll            |       |     1 ||     1
Armor: Scale mail        |    31 |    34 ||    65
Dodge: Dodged            |    13 |    39 ||    52
Block: Kite shield       |    38 |    50 ||    88

Table legend: (Time is in decaauts)
 A = Elapsed time spent in this place.
 B = Non-inter-level travel time spent in this place.
 C = Inter-level travel time spent in this place.
 D = Time resting spent in this place.
 E = Time spent auto-exploring this place.
 F = Levels seen in this place.
 G = Mean time per level.
                   A        B        C        D        E       F      G
               +--------+--------+--------+--------+--------+-----+--------+
         Total |   2807 |   2756 |     51 |    252 |   2064 |   4 |  701.8 |
       Dungeon |   2807 |   2756 |     51 |    252 |   2064 |   4 |  701.8 |
               +--------+--------+--------+--------+--------+-----+--------+

Top non-repeatable levels by time:
     D:1: 1437 daAuts
     D:3: 670 daAuts
     D:2: 494 daAuts
     D:4: 205 daAuts
